 Dungeon Crawl Stone Soup version 0.27.0-1-g7a089689b8 (webtiles) character file.

Game seed: 12189005496676206089

63 rogsnak the Magician (level 3, -2/24 HPs)
             Began as a Demonspawn Hedge Wizard on Aug 10, 2021.
             Slain by an adder (4 damage)
             ... on level 2 of the Dungeon.
             The game lasted 00:03:48 (2019 turns).

rogsnak the Magician (Demonspawn Hedge Wizard)      Turns: 2019, Time: 00:03:48

Health: -2/24      AC:  2    Str: 10    XL:     3   Next: 89%
Magic:  2/8        EV: 12    Int: 16    God:
Gold:   27         SH:  0    Dex: 12    Spells: 3/9 levels left

rFire    . . .     SeeInvis +   l - +0 falchion
rCold    . . .     Faith    .   (no shield)
rNeg     . . .     Spirit   .   b - +0 robe
rPois    .         Reflect  .   c - +0 hat
rElec    .         Harm     .   (no cloak)
rCorr    .         Rampage  .   (no gloves)
Will     .....                  (no boots)
Stlth    ++........             (no amulet)
HPRegen  0.08/turn              m - ring of see invisible
MPRegen  0.11/turn              (no ring)

@: lethally poisoned (-2 -> -3)
A: claws 1
a: no special abilities


You were on level 2 of the Dungeon.
You visited 1 branch of the dungeon, and saw 2 of its levels.

You collected 27 gold pieces.

Inventory:

Hand Weapons
 a - a +0 dagger
 d - a +0 spear
 h - a +0 hunting sling of flaming
 l - a +0 falchion (weapon)
Missiles
 e - 42 stones
 g - 23 arrows
 i - 2 boomerangs
Armour
 b - a +0 robe (worn)
 c - a +0 hat (worn)
Jewellery
 m - a ring of see invisible (left claw)
Scrolls
 f - a scroll of noise {unknown}
 j - a scroll of enchant weapon {unknown}
 n - a scroll of amnesia {unknown}
Potions
 k - a potion of haste {unknown}


   Skills:
 + Level 0.2 Fighting
 + Level 2.4 Dodging
 - Level 2.0 Stealth
 + Level 3.9 Spellcasting
 + Level 1.6 Conjurations
 + Level 1.0 Summonings
 + Level 0.8 Translocations


You had 3 spell levels left.
You knew the following spells:

 Your Spells              Type           Power      Damage    Failure   Level
a - Magic Dart            Conj           32%        1d4       9%          1
b - Blink                 Tloc           N/A        N/A       19%         2
c - Mephitic Cloud        Conj/Pois/Air  4%         N/A       38%         3

Your spell library contained the following spells:

 Spells                   Type           Power      Damage    Failure   Level
 Call Imp                 Summ           6%         N/A       17%         2
 Slow                     Hex            3%         N/A       26%         2
 Conjure Flame            Conj/Fire      5%         6-21      36%         3


Dungeon Overview and Level Annotations

Branches:
Dungeon (2/15)

Altars:

Annotations:
D:2 Terence


Innate Abilities, Weirdness & Mutations

You have sharp fingernails.


Message History

You miss the adder.
The adder is heavily wounded.
The adder bites you. x2
Unknown command.
Casting: Magic Dart (safe; 9% risk of failure)
Confirm with . or Enter, or press ? or * to list all spells.
Aiming: Magic Dart (safe; 9% risk of failure)
Press: ? - help, Shift-Dir - straight line, f/p - adder
Aim: an adder (heavily wounded, 100% to hit)
The magic dart hits the adder.
The adder is heavily wounded.
The adder barely misses you.
You riposte.
You barely miss the adder.
The adder is heavily wounded.
Your magical contamination has completely faded away.
You barely miss the adder.
The adder is heavily wounded.
The adder closely misses you. The goblin barely misses you.
The adder closely misses you. The goblin hits you with a +0 dagger.
Unknown command.
The adder bites you.
You are poisoned.
The adder poisons you!
The goblin unwields a +0 dagger.
The goblin wields a +0 hunting sling.
The goblin shoots a stone.
The stone closely misses you.
You feel sick.
You miss the adder.
The adder is heavily wounded.
You feel sick. The adder barely misses you. The adder bites you.
* * * LOW HITPOINT WARNING * * *
You barely miss the adder.
The adder is heavily wounded.
You feel sick. The adder bites you but does no damage. The rat bites you.
* * * LOW HITPOINT WARNING * * *
The adder closely misses you.
You hit the adder but do no damage.
The adder is heavily wounded.
You feel sick. The rat bites you.
* * * LOW HITPOINT WARNING * * *
The adder bites you.
You die...

#.# #.# ..# #.# #.# #
..## #†# #.##)#...#
#.# #..##.....
###.####......#
##............# #
#.....###.#÷..## .#
.......##......###..#
#.†)..#####...gS@...#
####.## #######r..#
#.# .### #.# .. ##'##
.## ##...## .#
##.....## .#
#.......# .#
.........#


You could see an adder, a goblin and a rat.

Vanquished Creatures
  A gnoll (D:1)
  An adder (D:2)
  3 dart slugs
  4 giant cockroaches
  6 goblins
  4 hobgoblins (D:1)
  4 ball pythons (D:1)
  3 bats (D:1)
  4 frilled lizards
  3 kobolds (D:1)
  5 rats
38 creatures vanquished.

Notes
Turn   | Place    | Note
-------+----------+-------------------------------------------
     0 | D:1      | rogsnak the Demonspawn Hedge Wizard began the quest for the
                  | Orb.
     0 | D:1      | Reached XP level 1. HP: 13/13 MP: 4/4
   317 | D:1      | Gained mutation: You have sharp fingernails. [demonic
                  | ancestry]
   317 | D:1      | Reached XP level 2. HP: 17/19 MP: 3/6
  1098 | D:1      | Reached XP level 3. HP: 21/24 MP: 6/8
  1107 | D:1      | Learned a level 2 spell: Blink
  1111 | D:1      | Learned a level 3 spell: Mephitic Cloud
  1699 | D:2      | Noticed Terence
  2019 | D:2      | Slain by an adder

Illustrated notes

Levels and vault maps discovered:
D:1:      nagdon_arrival_double_spiral, layout_basic
D:2:      layout_loops_corners, minmay_bisected, uniq_terence, uniq_sigmund

Skill      XL: |  1  2  3 |
---------------+----------+-----
Dodging        | 2 |  2.4
Stealth        | 2 |  2.0
Fighting       | |  0.2
Spellcasting   | |  3.9
Conjurations   | |  1.6
Summonings     | |  1.0
Translocations | |  0.8

Action                   || total
-------------------------++-------
Melee: Spear             ||    10
       Falchion          ||    35
 Cast: Magic Dart        ||    77
 Stab: Sleeping          ||     1
Armor: Robe              ||     9
Dodge: Dodged            ||    41
       Rpst.: Falchion   ||    11
